 Dungeon Crawl Stone Soup version 0.20-a0-1101-g1de9d76 (webtiles) character file.

296 theAP the Cudgeler (level 6, -1/56 HPs)
             Began as a Minotaur Fighter on May 4, 2017.
             Slain by an adder (4 damage)
             ... on level 3 of the Dungeon.
             The game lasted 00:03:16 (1852 turns).

theAP the Cudgeler (Minotaur Fighter)               Turns: 1852, Time: 00:03:17

Health: -1/56      AC:  7    Str: 22    XL:     6   Next: 12%
Magic:  5/5        EV:  9    Int:  5    God:
Gold:   196        SH: 10    Dex: 15    Spells: 5/5 levels left

rFire    . . .     SeeInvis .   a - +0 flail
rCold    . . .     Gourm    .   c - +0 shield
rNeg     . . .     Faith    .   u - +0 plate armour
rPois    .         Spirit   .   (helmet restricted)
rElec    .         Reflect  .   (no cloak)
rCorr    .         Harm     .   (no gloves)
MR       .....                  (no boots)
Stlth    ..........             (no amulet)
Regen    0.2/turn               (no ring)
MPRegen  0.1/turn               (no ring)

@: agile, lethally poisoned (-1 -> -3), corroded, hasted, very quick
A: retaliatory headbutt, horns 2
a: no special abilities


You were on level 3 of the Dungeon.
You were not hungry.

You visited 1 branch of the dungeon, and saw 3 of its levels.

You collected 196 gold pieces.

Inventory:

Hand Weapons
 a - a +0 flail (weapon)
Armour
 b - a +0 scale mail
 c - a +0 shield (worn)
 u - a +0 plate armour (worn)
Jewellery
 p - an uncursed amulet of guardian spirit {unknown}
Scrolls
 e - a scroll of recharging {unknown}
 g - 3 scrolls of teleportation {unknown}
 j - 3 scrolls of identify {unknown}
 k - 3 scrolls of remove curse {unknown}
 q - a scroll of amnesia {unknown}
 r - a scroll of fear {unknown}
 t - a scroll of blinking {unknown}
Potions
 d - a potion of might
 l - a potion of ambrosia {unknown}
 m - 2 potions of agility
Comestibles
 f - 3 bread rations
 h - a meat ration
 n - a fruit
 o - a royal jelly


   Skills:
 + Level 5.6 Fighting
 * Level 6.5 Maces & Flails
 - Level 3.6 Armour
 - Level 3.6 Shields


You had 5 spell levels left.
You didn't know any spells.

Dungeon Overview and Level Annotations

Branches:
Dungeon (3/15)

Altars:
Hepliaklqana
Qazlal

Annotations:
D:3 Ijyb


Innate Abilities, Weirdness & Mutations

You reflexively headbutt those who attack you in melee.
You have a pair of horns on your head.


Message History

You are too injured to fight recklessly!
You closely miss the adder. Your headbutt misses the adder.
You block the adder's attack.
Ijyb zaps a wand.
The bolt of acid hits you!
You are splashed with acid!
The acid burns!
* * * LOW HITPOINT WARNING * * *
The adder bites you.
* * * LOW HITPOINT WARNING * * *
You are poisoned.
The adder poisons you!
* * * LOW HITPOINT WARNING * * *
You feel sick.
It was a potion of agility.
You feel agile all of a sudden.
* * * LOW HITPOINT WARNING * * *
You feel sick. Ijyb hits you but does no damage.
The adder bites you but does no damage.
It was a potion of haste.
You feel yourself speed up. You block the adder's attack.
Ijyb hits you but does no damage. The adder bites you.
You die...

............# .#
..####.####.## #.#
..##.....##..# #.#
..#.......#..# #.#
..#.......#..# #.#####
......_......# #.....
..#.......#..###..#
..#.......#.......#
..##.....##..###@#####
..####.####.## #Sg...#
............# #.###.#
..##.######## ...
...#.# .#.#. .....
#.#.... ...### # ###
## ..## .##


You could see Ijyb and an adder.

Vanquished Creatures
  Sigmund (D:3)
  Terence (D:3)
  Robin (D:3)
  4 adders
  A worm (D:2)
  2 dart slugs
  2 leopard geckos
  An orc (D:3)
  6 bats
  3 giant cockroaches
  20 goblins
  4 hobgoblins
  4 jackals (D:1)
  2 quokkas (D:2)
  2 ball pythons
  2 frilled lizards
  10 kobolds
  4 rats
70 creatures vanquished.

Notes
Turn   | Place    | Note
-------+----------+-------------------------------------------
     0 | D:1      | theAP the Minotaur Fighter began the quest for the Orb.
     0 | D:1      | Reached XP level 1. HP: 19/19 MP: 0/0
   133 | D:1      | Reached XP level 2. HP: 27/27 MP: 1/1
   135 | D:1      | Reached skill level 3 in Maces & Flails
   556 | D:1      | Reached XP level 3. HP: 27/33 MP: 2/2
   866 | D:2      | Reached skill level 4 in Maces & Flails
   871 | D:2      | Found a hazy altar of Hepliaklqana.
  1432 | D:2      | Reached XP level 4. HP: 36/41 MP: 3/3
  1493 | D:3      | Noticed Sigmund
  1501 | D:3      | Killed Sigmund
  1501 | D:3      | Reached skill level 5 in Fighting
  1501 | D:3      | Reached skill level 5 in Maces & Flails
  1501 | D:3      | Reached XP level 5. HP: 38/48 MP: 4/4
  1566 | D:3      | Noticed Robin
  1582 | D:3      | Reached skill level 6 in Maces & Flails
  1597 | D:3      | Killed Robin
  1670 | D:3      | Reached XP level 6. HP: 44/56 MP: 5/5
  1688 | D:3      | Noticed Terence
  1697 | D:3      | Killed Terence
  1829 | D:3      | Found a stormy altar of Qazlal.
  1846 | D:3      | Noticed Ijyb
  1852 | D:3      | Slain by an adder

Vault maps used:
D:1:      erik_arrival_triangle_large
D:2:      nicolae_overflow_crystal_walls, first_bread, st_stairs_12
D:3:      old_standard_altar, uniq_robin, uniq_ijyb, uniq_sigmund, uniq_terence,
          uniq_crazy_yiuf_cottage

Skill      XL: |  1  2  3  4  5 |
---------------+----------------+-----
Fighting       | 4 5 |  5.6
Maces & Flails | 3 4 5 6 |  6.5
Armour         | |  3.6
Shields        | |  3.6

Action                   |  1- 3 |  4- 6 || total
-------------------------+-------+-------++-------
Melee: Flail             |   119 |    61 ||   180
       Headbutt          |    16 |    11 ||    27
  Use: Potion            |       |     2 ||     2
  Eat: Chunk             |     1 |     2 ||     3
Armor: Scale mail        |    52 |    18 ||    70
       Plate armour      |       |     6 ||     6
Dodge: Dodged            |    30 |    13 ||    43
Block: Shield            |    59 |    30 ||    89
